 Dungeon Crawl Stone Soup version 0.20.1-1-g8b1a95d (webtiles) character file.

11886 ashduasduh the Markscentaur (level 11, -2/101 HPs)
             Began as a Centaur Hunter on Aug 23, 2017.
             Was an Elder of Okawaru.
             Slain by a vampire mosquito (9 damage)
             ... on level 12 of the Dungeon on Sept 2, 2017.
             The game lasted 00:29:44 (12503 turns).

ashduasduh the Markscentaur (Centaur Hunter)       Turns: 12503, Time: 00:29:45

Health: -2/101     AC: 14    Str: 19    XL:     11   Next: 55%
Magic:  10/11      EV: 12    Int: 10    God:    Okawaru [****..]
Gold:   560        SH:  6    Dex: 14    Spells: 10/10 levels left

rFire    . . .     SeeInvis .   a - +4 shortbow
rCold    . . .     Gourm    .   (shield currently unavailable)
rNeg     . . .     Faith    .   J - +2 scale mail {MR+}
rPois    .         Spirit   .   p - +2 helmet
rElec    .         Reflect  +   (no cloak)
rCorr    +         Harm     .   (no gloves)
MR       +....                  (no barding)
Stlth    ++........             e - +6 amulet of reflection
Regen    0.3/turn               G - ring of resist corrosion
MPRegen  0.2/turn               n - ring of flight

@: mighty, lethally poisoned (-2 -> -3), heroism, very quick
A: hooves 3, deformed body, speed 2, tough skin 3
a: Heroism, Renounce Religion, Evoke Flight


You were on level 12 of the Dungeon.
You worshipped Okawaru.
Okawaru was greatly pleased with you.
You were not hungry.

You visited 2 branches of the dungeon, and saw 13 of its levels.
You also visited: Sewer.

You collected 560 gold pieces.

Inventory:

Hand Weapons
 a - a +4 shortbow (weapon)
 b - a +0 short sword
 u - a -3 dagger
Missiles
 d - 207 arrows (quivered)
 g - 3 large rocks
Armour
 p - a +2 helmet (worn)
 J - a +2 scale mail of magic resistance (worn)
Jewellery
 e - a +6 amulet of reflection (around neck)
 n - a ring of flight (right hand)
 q - a +3 ring of intelligence
 C - a +4 amulet of reflection
 G - a ring of resist corrosion (left hand)
 K - a cursed ring of loudness
Wands
 c - a wand of enslavement (9/24)
 h - a wand of polymorph (14/24)
 E - a wand of flame (40/48)
 L - a wand of random effects (9/48)
 N - a wand of acid (7/15)
Scrolls
 j - 5 scrolls of amnesia
 l - 5 scrolls of fear
 o - a scroll of summoning {unknown}
 s - 2 scrolls of magic mapping
 t - 5 scrolls of teleportation
 w - 4 scrolls of remove curse
 y - 3 scrolls of identify
 z - 4 scrolls of fog
 H - 2 scrolls of recharging
 M - a scroll of vulnerability {unknown}
Potions
 i - 2 potions of ambrosia
 v - a potion of flight
 A - a potion of agility
 B - a potion of berserk rage
Books
 k - a book of Misfortune

   Spells                             Type                      Level
   a - Confusing Touch                Hexes                        1
   b - Confuse                        Hexes                        3
   c - Gell's Gravitas                Translocation                3
   d - Petrify                        Transmutation/Earth          4
   e - Metabolic Englaciation         Hexes/Ice                    5
   f - Yara's Violent Unravelling     Hexes/Transmutation          5
 r - a book of Callings

   Spells                             Type                      Level
   a - Summon Small Mammal            Summoning                    1
   b - Call Imp                       Summoning                    2
   c - Call Canine Familiar           Summoning                    3
   d - Summon Guardian Golem          Hexes/Summoning              3
   e - Summon Lightning Spire         Summoning/Air                4
   f - Summon Ice Beast               Ice/Summoning                4
 D - a book of Power

   Spells                             Type                      Level
   a - Iskenderun's Battlesphere      Conjuration/Charms           5
   b - Venom Bolt                     Conjuration/Poison           5
   c - Bolt of Magma                  Conjuration/Fire/Earth       5
   d - Iron Shot                      Conjuration/Earth            6
   e - Orb of Destruction             Conjuration                  7
   f - Spellforged Servitor           Conjuration/Summoning        7
Comestibles
 f - 5 bread rations
 m - 9 meat rations
 F - a royal jelly
 I - 3 fruits


   Skills:
 + Level 10.4(15.4) Fighting
 + Level 16.5(21.5) Bows
 + Level 4.9(9.9) Armour
 + Level 3.4(8.4) Dodging
 + Level 1.8(6.8) Stealth


You had 10 spell levels left.
You didn't know any spells.

Dungeon Overview and Level Annotations

Branches:
Dungeon (12/15)            Temple (1/1) D:6            Lair (0/6) D:11
    Orc (0/2) D:10

Altars:
Ashenzari
Cheibriados
Dithmenos
Elyvilon
Fedhas
Gozag
Hepliaklqana
Kikubaaqudgha
Makhleb
Nemelex Xobeh
Okawaru
Qazlal
Ru
Sif Muna
Trog
Uskayaw
Vehumet
Xom
Yredelemnul
Zin
The Shining One
Jiyva

Portals:
Trove: D:10 (give 8 potions of haste)


Innate Abilities, Weirdness & Mutations

You have hooves in place of feet.
Armour fits poorly on your strangely shaped body.
You cover ground very quickly.
You have extremely tough skin. (AC +3)


Message History

You shoot an arrow.
The arrow closely misses the vampire mosquito.
The arrow hits the vampire mosquito.
The vampire mosquito is lightly damaged.
Unknown command.
You feel sick. The vampire mosquito bites you.
* * * LOW HITPOINT WARNING * * *
The vampire mosquito draws strength from your injuries!
You feel sick.
The vampire mosquito bites you but does no damage.
Firing (i - inventory):
d - 208 arrows (quivered)
Press: ? - help, Shift-Dir - straight line, f/p - vampire mosquito
Aim: a vampire mosquito (heavily damaged)
You shoot an arrow.
The arrow closely misses the vampire mosquito.
The arrow hits the vampire mosquito.
The vampire mosquito is lightly damaged.
The vampire mosquito bites you!
You die...

####.##.############.####
#...................
#.....[#############
#######.#.##.#
#.........##.#
#.#####.#.##.#
####'#.##.# #.........#
#.....@...#
#.....y...#########
####+#.##.........#####
#.#y##########.#....
###.#>..y.(().(.((.(..
#...#.############(.(.
#########.#...# ....
#....|....#.### ....
##.########.# .?..


You could see 2 vampire mosquitoes.

Vanquished Creatures
  The ghost of quacklin the Zephyrmancer, a novice DrAE of Vehumet (D:10)
  A cyclops (D:11)
  A manticore (D:12)
  An elephant (D:11)
  Psyche (D:8)
  A gargoyle (D:11)
  The ghost of gwathlobal the Skirmisher, an amateur OgBe of Trog (D:5)
  3 trolls
  A merfolk (D:10)
  Prince Ribbit (D:5)
  2 hippogriffs
  A wraith (D:12)
  2 yaks
  A wyvern (D:10)
  A hungry ghost (D:9)
  6 orc warriors
  2 phantoms
  3 sky beasts
  A black bear (D:11)
  A necrophage (D:11)
  8 ogres
  5 centaurs
  3 crocodiles
  7 bullfrogs
  A gnoll sergeant (D:9)
  A water moccasin zombie (D:6)
  2 wyvern skeletons
  7 scorpions
  17 killer bees
  5 wights (D:11)
  4 howler monkeys
  2 centaur zombies
  A bullfrog zombie (D:11)
  4 crimson imps
  A quasit (D:10)
  3 hounds
  A bullfrog skeleton (D:11)
  2 jellies
  9 orc priests
  4 orc wizards
  Jessica (D:2)
  6 iguanas
  5 worker ants
  A hound skeleton (D:11)
  4 worker ant zombies
  5 river rats
  17 adders
  3 shadow imps
  3 oozes (Sewer)
  4 adder skeletons
  A worm (D:2)
  2 dart slugs (D:1)
  7 leopard geckos
  27 orcs
  4 giant cockroaches
  9 goblins
  7 hobgoblins
  12 jackals
  3 quokkas
  14 ball pythons
  4 bats
  4 frilled lizards
  A giant cockroach zombie (D:6)
  A jackal skeleton (D:6)
  8 kobolds
  A leopard gecko skeleton (D:5)
  A leopard gecko zombie (D:6)
  A quokka skeleton (D:9)
  35 rats
310 creatures vanquished.

Vanquished Creatures (others)
  A centaur warrior (D:12)
1 creature vanquished.

Grand Total: 311 creatures vanquished

Notes
Turn   | Place    | Note
-------+----------+-------------------------------------------
     0 | D:1      | ashduasduh the Centaur Hunter began the quest for the Orb.
     0 | D:1      | Reached XP level 1. HP: 17/17 MP: 1/1
   198 | D:1      | Reached XP level 2. HP: 24/24 MP: 2/2
   373 | D:1      | Reached skill level 6 in Bows
   751 | D:1      | Reached XP level 3. HP: 30/30 MP: 3/3
   969 | D:2      | Found a hide-covered altar of Uskayaw.
   982 | D:2      | Noticed Jessica
   983 | D:2      | Killed Jessica
  1276 | D:2      | Reached XP level 4. HP: 37/37 MP: 4/4
  1525 | D:2      | Found a white marble altar of Elyvilon.
  1675 | D:2      | Reached skill level 7 in Bows
  2639 | D:3      | Reached XP level 5. HP: 44/44 MP: 5/5
  3242 | D:4      | Reached skill level 8 in Bows
  3245 | D:4      | Found a glowing drain.
  3359 | D:4      | Reached skill level 1 in Stealth
  3473 | Sewer    | Entered a sewer
  3582 | Sewer    | Reached XP level 6. HP: 51/51 MP: 6/6
  3844 | Sewer    | Reached skill level 9 in Bows
  4011 | D:5      | Entered Level 5 of the Dungeon
  4028 | D:5      | Reached skill level 1 in Armour
  4028 | D:5      | Reached XP level 7. HP: 40/57 MP: 7/7
  4054 | D:5      | Found a shattered altar of Ashenzari.
  4094 | D:5      | Found a shadowy altar of Dithmenos.
  4199 | D:5      | Noticed Prince Ribbit
  4208 | D:5      | Killed Prince Ribbit
  4208 | D:5      | Reached skill level 10 in Bows
  4231 | D:5      | Found a radiant altar of Vehumet.
  4345 | D:5      | Noticed gwathlobal's ghost (amateur OgBe)
  4522 | D:5      | Killed gwathlobal's ghost
  4522 | D:5      | Reached skill level 11 in Bows
  4522 | D:5      | Reached XP level 8. HP: 48/67 MP: 8/8
  4995 | D:6      | Reached skill level 5 in Fighting
  5041 | D:6      | Reached skill level 12 in Bows
  5139 | D:6      | Found a staircase to the Ecumenical Temple.
  5432 | D:6      | Found a sacrificial altar of Ru.
  5607 | D:6      | Found a stormy altar of Qazlal.
  5708 | D:6      | Found a sand-covered staircase.
  5831 | Temple   | Entered the Ecumenical Temple
  6000 | D:7      | Found a hazy altar of Hepliaklqana.
  6000 | D:7      | Found an iron altar of Okawaru.
  6015 | D:7      | Reached XP level 9. HP: 69/75 MP: 9/9
  6016 | D:7      | Found a snail-covered altar of Cheibriados.
  6121 | D:7      | Reached skill level 13 in Bows
  7251 | D:8      | Found a blossoming altar of Fedhas.
  7335 | D:8      | Reached skill level 14 in Bows
  7355 | D:8      | Noticed Psyche
  7370 | D:8      | Killed Psyche
  7613 | D:7      | Became a worshipper of Warmaster Okawaru
  8235 | D:9      | Reached XP level 10. HP: 86/86 MP: 10/10
  8288 | D:9      | Reached * piety under Okawaru
  8347 | D:9      | Found a shattered altar of Ashenzari.
  8812 | D:10     | Entered Level 10 of the Dungeon
  8962 | D:10     | Reached ** piety under Okawaru
  8962 | D:10     | Reached skill level 15 in Bows
  9042 | D:10     | Found a staircase to the Orcish Mines.
  9135 | D:10     | Noticed quacklin's ghost (novice DrAE)
  9211 | D:10     | Killed quacklin's ghost
  9862 | D:10     | Reached *** piety under Okawaru
 10162 | D:10     | Found a portal to a secret trove of treasure.
 10483 | D:11     | Noticed a cyclops
 10490 | D:11     | Killed a cyclops
 10490 | D:11     | Received a gift from Okawaru
 10825 | D:11     | Reached XP level 11. HP: 97/97 MP: 11/11
 10983 | D:11     | Found a staircase to the Lair.
 11066 | D:11     | Reached **** piety under Okawaru
 11066 | D:11     | Received a gift from Okawaru
 11462 | D:11     | Reached skill level 16 in Bows
 12028 | D:12     | Reached skill level 10 in Fighting
 12467 | D:12     | Noticed a centaur warrior
 12490 | D:12     | Killed a centaur warrior
 12503 | D:12     | Slain by a vampire mosquito

Skill      XL: |  1  2  3  4  5  6  7  8  9 10 11 |
---------------+----------------------------------+-----
Bows           | 6 7 8 9 11 12 14 15 16 | 16.5
Fighting       | 3 4 5 7 9 10 | 10.4
Stealth        | 1 |  1.8
Armour         | 1 2 4 |  4.9
Dodging        | 2 3 |  3.4

Action                   |  1- 3 |  4- 6 |  7- 9 | 10-12 || total
-------------------------+-------+-------+-------+-------++-------
Melee: Shortbow          |       |       |     1 |       ||     1
 Fire: Shortbow          |    94 |   238 |   471 |   592 ||  1395
Invok: Heroism           |       |       |       |     1 ||     1
  Use: Potion            |     2 |     9 |     1 |     6 ||    18
       Scroll            |     6 |     5 |     6 |     7 ||    24
  Eat: Chunk             |       |     1 |     4 |     5 ||    10
       Bread ration      |       |     1 |       |     2 ||     3
       Meat ration       |       |     1 |       |       ||     1
       Fruit             |       |       |       |     1 ||     1
Armor: Leather armour    |    13 |    30 |     9 |       ||    52
       Ring mail         |       |     5 |     3 |       ||     8
       Scale mail        |       |       |    23 |    90 ||   113
Dodge: Dodged            |    12 |    94 |    41 |    73 ||   220
Block: Other             |       |       |       |    39 ||    39
       Reflection        |       |       |       |     5 ||     5
